TOP OF THE 1ST |
Buffalo LightSabres batting - Pitching for Rio Grande Rattlesnake : RHP Bryce Davis
|
Pitching: RHP Bryce Davis
|
|
Batting: SHB Clifton Hampton
|
0-0: Bunt for hit - play at first, batter safe!
|
Batting: RHB Gabriel Ángel
|
0-0: Foul Ball, location: 2F 0-1: Swinging Strike 0-2: Strikes out swinging
|
Batting: LHB Zack Payton
|
Pickoff Throw to First - Error! E1 Clifton Hampton to second 0-0: Ball 1-0: Ball 2-0: Called Strike 2-1: Called Strike 2-2: Ball 3-2: Strikes out swinging
|
Batting: LHB Craig Kenney
|
0-0: Ball 1-0: Ball 2-0: SINGLE (Line Drive, 78S) Clifton Hampton to third Runner from 3rd tries for Home, SAFE, no throw
|
Batting: RHB Manny Clemente
|
0-0: Ball Craig Kenney is caught stealing 2nd base
|
Top of the 1st over - 1 run(s), 2 hit(s), 1 error(s), 0 left on base; Buffalo 1 - Rio Grande 0 |
BOTTOM OF THE 1ST |
Rio Grande Rattlesnake batting - Pitching for Buffalo LightSabres : RHP Ben Graham
|
Pitching: RHP Ben Graham
|
|
Batting: SHB Jeremy Holmes
|
0-0: Foul Ball, location: 2F 0-1: Swinging Strike 0-2: Strikes out looking
|
Pitching: RHP Gavin Robbins
|
|
Batting: RHB Paul Martin
|
0-0: Ball 1-0: Fly out, F3 (Popup, 3S)
|
Batting: RHB Mario López
|
0-0: Ball 1-0: Called Strike 1-1: Ball 2-1: Ball 3-1: Swinging Strike 3-2: Base on Balls
|
Batting: RHB Miguel Hernández
|
0-0: Ball Mario López is caught stealing 2nd base
|
Bottom of the 1st over - 0 run(s), 0 hit(s), 0 error(s), 0 left on base; Buffalo 1 - Rio Grande 0 |
TOP OF THE 2ND |
Buffalo LightSabres batting - Pitching for Rio Grande Rattlesnake : RHP Bryce Davis
|
Batting: RHB Manny Clemente
|
0-0: Called Strike 0-1: Called Strike 0-2: Ground out 4-3 (Groundball, 4)
|
Batting: SHB Jason Mason
|
0-0: Called Strike 0-1: Ball 1-1: Ball 2-1: Ground out 6-3 (Groundball, 6MS)
|
Batting: SHB Barrett Bowden
|
0-0: Foul Ball, location: 2F 0-1: Fly out, F4 (Flyball, 4MD)
|
Top of the 2nd over - 0 run(s), 0 hit(s), 0 error(s), 0 left on base; Buffalo 1 - Rio Grande 0 |
BOTTOM OF THE 2ND |
Rio Grande Rattlesnake batting - Pitching for Buffalo LightSabres : RHP Gavin Robbins
|
Batting: RHB Miguel Hernández
|
0-0: Swinging Strike 0-1: Ball 1-1: Called Strike 1-2: Ball 2-2: Fly out, F9 (Flyball, 89S)
|
Batting: RHB Joe Courtier
|
0-0: SOLO HOME RUN (Flyball, 7D), Distance : 353 ft
|
Batting: RHB Jeff Bane
|
0-0: Swinging Strike 0-1: Called Strike 0-2: Strikes out looking
|
Batting: RHB Doug Delaney
|
0-0: Foul Ball, location: 2F 0-1: Called Strike 0-2: Ball 1-2: SINGLE (Groundball, 4MD)
|
Batting: RHB Cristián Román
|
0-0: Called Strike 0-1: Called Strike 0-2: Foul Ball, location: 2F 0-2: Ball 1-2: SINGLE (Line Drive, 4D) Doug Delaney to second
|
Batting: RHB Juan López
|
0-0: TRIPLE (Line Drive, 3L) Doug Delaney scores Cristián Román scores
|
Batting: SHB Jeremy Holmes
|
0-0: Called Strike 0-1: Ball 1-1: Ball 2-1: Ground out U3 (Groundball, 34)
|
Bottom of the 2nd over - 3 run(s), 4 hit(s), 0 error(s), 1 left on base; Buffalo 1 - Rio Grande 3 |
TOP OF THE 3RD |
Buffalo LightSabres batting - Pitching for Rio Grande Rattlesnake : RHP Bryce Davis
|
Batting: RHB Mike Wagner
|
0-0: Ball 1-0: Ball 2-0: Called Strike 2-1: Foul Ball, location: 2F 2-2: Ball 3-2: SINGLE (Groundball, 34D)
|
Batting: RHB Pedro Romero
|
0-0: Called Strike 0-1: DOUBLE (Flyball, 78M) Mike Wagner to third
|
Batting: SHB Clifton Hampton
|
0-0: Foul Ball, location: 2F 0-1: Swinging Strike 0-2: Foul Ball, location: 2F 0-2: Ball Wild Pitch! Mike Wagner scores Pedro Romero to third 1-2: Ball 2-2: Foul Ball, location: 2F 2-2: Strikes out swinging
|
Batting: RHB Gabriel Ángel
|
0-0: Ball 1-0: Ball 2-0: Fly out, F4 (Line Drive, 4M)
|
Batting: LHB Zack Payton
|
0-0: Ball 1-0: Foul Ball, location: 2F 1-1: Foul Ball, location: 2F 1-2: Strikes out swinging
|
Top of the 3rd over - 1 run(s), 2 hit(s), 0 error(s), 1 left on base; Buffalo 2 - Rio Grande 3 |
BOTTOM OF THE 3RD |
Rio Grande Rattlesnake batting - Pitching for Buffalo LightSabres : RHP Gavin Robbins
|
Batting: RHB Paul Martin
|
0-0: Hit by Pitch
|
Batting: RHB Mario López
|
0-0: Single, Error in OF, E7, batter to second base Paul Martin to third
|
Batting: RHB Miguel Hernández
|
0-0: Foul Ball, location: 2F 0-1: Foul Ball, location: 2F 0-2: Ball 1-2: Ball 2-2: Ball 3-2: Foul Ball, location: 2F 3-2: SINGLE (Line Drive, 89S) Paul Martin scores Mario López to third Runner from 3rd tries for Home, SAFE, throw made home Miguel Hernández to second
|
Pitching: LHP Mike O'Brien
|
|
Batting: RHB Joe Courtier
|
0-0: Called Strike 0-1: Foul Ball, location: 2F 0-2: Strikes out looking
|
Batting: RHB Jeff Bane
|
0-0: SINGLE (Line Drive, 8RS) Miguel Hernández to third Runner from 3rd tries for Home, throw and OUT! Jeff Bane to second
|
Batting: RHB Doug Delaney
|
0-0: Ball Jeff Bane is caught stealing 3rd base
|
Bottom of the 3rd over - 2 run(s), 3 hit(s), 1 error(s), 0 left on base; Buffalo 2 - Rio Grande 5 |
TOP OF THE 4TH |
Buffalo LightSabres batting - Pitching for Rio Grande Rattlesnake : RHP Bryce Davis
|
Batting: LHB Craig Kenney
|
0-0: Called Strike 0-1: Ground out 6-3 (Groundball, 6)
|
Batting: RHB Manny Clemente
|
0-0: Foul Ball, location: 2F 0-1: Swinging Strike 0-2: Foul Ball, location: 2F 0-2: Ball 1-2: Strikes out looking
|
Batting: SHB Jason Mason
|
0-0: Ball 1-0: Ball 2-0: Ball 3-0: Called Strike 3-1: Called Strike 3-2: Foul Ball, location: 2F 3-2: Base on Balls
|
Batting: SHB Barrett Bowden
|
0-0: Ball Jason Mason is caught stealing 2nd base
|
Top of the 4th over - 0 run(s), 0 hit(s), 0 error(s), 0 left on base; Buffalo 2 - Rio Grande 5 |
BOTTOM OF THE 4TH |
Rio Grande Rattlesnake batting - Pitching for Buffalo LightSabres : LHP Mike O'Brien
|
Batting: RHB Doug Delaney
|
0-0: Ball 1-0: Ball 2-0: Called Strike 2-1: SINGLE (Line Drive, 56)
|
Batting: RHB Cristián Román
|
0-0: Called Strike 0-1: Foul Ball, location: 2F 0-2: Ball 1-2: Ball 2-2: Grounds into double play, 6-4-3 (Groundball, 6)
|
Batting: RHB Juan López
|
0-0: Fly out, F8 (Flyball, 78M)
|
Bottom of the 4th over - 0 run(s), 1 hit(s), 0 error(s), 0 left on base; Buffalo 2 - Rio Grande 5 |
TOP OF THE 5TH |
Buffalo LightSabres batting - Pitching for Rio Grande Rattlesnake : RHP Bryce Davis
|
Batting: SHB Barrett Bowden
|
0-0: Ball 1-0: Foul Ball, location: 2F 1-1: Ball 2-1: DOUBLE (Line Drive, 8RD)
|
Batting: RHB Mike Wagner
|
0-0: Ball 1-0: Called Strike 1-1: Fly out, F8 (Flyball, 89M)
|
Batting: RHB Pedro Romero
|
0-0: Ball 1-0: Fly out, F8 (Flyball, 8RM)
|
Batting: SHB Clifton Hampton
|
0-0: Ball 1-0: Foul Ball, location: 2F 1-1: Foul Ball, location: 2F 1-2: Ball 2-2: Ball 3-2: Foul Ball, location: 2F 3-2: Strikes out swinging, 2-3 out at first.
|
Top of the 5th over - 0 run(s), 1 hit(s), 0 error(s), 1 left on base; Buffalo 2 - Rio Grande 5 |
BOTTOM OF THE 5TH |
Rio Grande Rattlesnake batting - Pitching for Buffalo LightSabres : LHP Mike O'Brien
|
Batting: SHB Jeremy Holmes
|
0-0: Ball 1-0: Ball 2-0: Ball 3-0: Called Strike 3-1: Foul Ball, location: 2F 3-2: Foul Ball, location: 2F 3-2: Foul Ball, location: 2F 3-2: Strikes out swinging
|
Batting: RHB Paul Martin
|
0-0: Swinging Strike 0-1: Ball 1-1: Ball 2-1: Foul Ball, location: 2F 2-2: SINGLE (Groundball, 6D)
|
Pitching: RHP Domingo Rodríguez
|
|
Batting: RHB Mario López
|
0-0: Ball 1-0: Foul Ball, location: 2F 1-1: Ground out 5-3 (Groundball, 5S) Paul Martin to second
|
Batting: RHB Miguel Hernández
|
0-0: Called Strike 0-1: Ball 1-1: Ball 2-1: Called Strike 2-2: Foul Ball, location: 2F 2-2: Foul Ball, location: 2F 2-2: 2-RUN HOME RUN (Flyball, 8LXD), Distance : 405 ft
|
Batting: RHB Joe Courtier
|
0-0: Foul Ball, location: 2F 0-1: Ball 1-1: Ball 2-1: Foul Ball, location: 2F 2-2: Strikes out swinging
|
Bottom of the 5th over - 2 run(s), 2 hit(s), 0 error(s), 0 left on base; Buffalo 2 - Rio Grande 7 |
TOP OF THE 6TH |
Buffalo LightSabres batting - Pitching for Rio Grande Rattlesnake : RHP Bryce Davis
|
Batting: RHB Gabriel Ángel
|
0-0: Foul Ball, location: 2F 0-1: Ball 1-1: SINGLE (Flyball, 9S)
|
Batting: LHB Zack Payton
|
0-0: Foul Ball, location: 2F 0-1: Ball 1-1: Fly out, F9 (Flyball, 89D)
|
Pitching: RHP Nelson Britt
|
|
Batting: LHB Craig Kenney
|
0-0: Ball 1-0: Called Strike 1-1: Foul Ball, location: 2F 1-2: Foul Ball, location: 2F 1-2: Ball 2-2: SINGLE (Line Drive, 34) Gabriel Ángel to second
|
Batting: RHB Manny Clemente
|
0-0: Ball 1-0: Ground out 6-3 (Groundball, 6S) Gabriel Ángel to third Craig Kenney to second
|
Batting: SHB Jason Mason
|
0-0: Called Strike 0-1: Ball 1-1: Ball 2-1: Ball 3-1: Ground out U3 (Groundball, 3)
|
Top of the 6th over - 0 run(s), 2 hit(s), 0 error(s), 2 left on base; Buffalo 2 - Rio Grande 7 |
BOTTOM OF THE 6TH |
Rio Grande Rattlesnake batting - Pitching for Buffalo LightSabres : RHP Domingo Rodríguez
|
Batting: RHB Jeff Bane
|
0-0: SINGLE (Line Drive, 6D)
|
Batting: RHB Doug Delaney
|
0-0: Ball 1-0: Foul Ball, location: 2F 1-1: Foul Ball, location: 2F 1-2: Strikes out swinging
|
Batting: RHB Cristián Román
|
0-0: Ball 1-0: Called Strike 1-1: Swinging Strike 1-2: Strikes out swinging Jeff Bane steals 2nd base Batter strikes out.
|
Batting: RHB Juan López
|
0-0: Called Strike 0-1: Ball 1-1: Ball 2-1: Ground out 6-3 (Groundball, 6)
|
Bottom of the 6th over - 0 run(s), 1 hit(s), 0 error(s), 1 left on base; Buffalo 2 - Rio Grande 7 |
TOP OF THE 7TH |
Buffalo LightSabres batting - Pitching for Rio Grande Rattlesnake : RHP Nelson Britt
|
Batting: SHB Barrett Bowden
|
0-0: Called Strike 0-1: Called Strike 0-2: Strikes out swinging
|
Batting: RHB Mike Wagner
|
0-0: Called Strike 0-1: Ball 1-1: Called Strike 1-2: SOLO HOME RUN (Flyball, 7D), Distance : 374 ft
|
Batting: RHB Pedro Romero
|
0-0: SINGLE (Groundball, 6MD)
|
Batting: SHB Clifton Hampton
|
0-0: Ball 1-0: Swinging Strike 1-1: Swinging Strike 1-2: Strikes out swinging
|
Batting: RHB Gabriel Ángel
|
0-0: Foul Ball, location: 2F 0-1: Ball 1-1: Fly out, F4 (Popup, 4)
|
Top of the 7th over - 1 run(s), 2 hit(s), 0 error(s), 1 left on base; Buffalo 3 - Rio Grande 7 |
BOTTOM OF THE 7TH |
Rio Grande Rattlesnake batting - Pitching for Buffalo LightSabres : RHP Domingo Rodríguez
|
Batting: SHB Jeremy Holmes
|
0-0: Ball 1-0: Foul Ball, location: 2F 1-1: Foul Ball, location: 2F 1-2: Foul Ball, location: 2F 1-2: Ground out 4-3 (Groundball, 4)
|
Batting: RHB Paul Martin
|
0-0: Called Strike 0-1: Ground out 5-3 (Groundball, 56S)
|
Batting: RHB Mario López
|
0-0: Foul Ball, location: 2F 0-1: Called Strike 0-2: Ball 1-2: Fly out, F2 (Popup, 25)
|
Bottom of the 7th over - 0 run(s), 0 hit(s), 0 error(s), 0 left on base; Buffalo 3 - Rio Grande 7 |
TOP OF THE 8TH |
Buffalo LightSabres batting - Pitching for Rio Grande Rattlesnake : RHP Nelson Britt
|
Batting: LHB Zack Payton
|
0-0: Ball 1-0: Ball 2-0: Swinging Strike 2-1: Foul Ball, location: 2F 2-2: Strikes out swinging
|
Batting: LHB Craig Kenney
|
0-0: Ball 1-0: Ground out 5-3 (Groundball, 56S)
|
Batting: RHB Manny Clemente
|
0-0: Ground out 6-3 (Groundball, 6)
|
Top of the 8th over - 0 run(s), 0 hit(s), 0 error(s), 0 left on base; Buffalo 3 - Rio Grande 7 |
BOTTOM OF THE 8TH |
Rio Grande Rattlesnake batting - Pitching for Buffalo LightSabres : RHP Domingo Rodríguez
|
Batting: RHB Miguel Hernández
|
0-0: Foul Ball, location: 2F 0-1: SINGLE (Line Drive, 9LS)
|
Batting: RHB Joe Courtier
|
0-0: Called Strike 0-1: Called Strike 0-2: Ball 1-2: Foul Ball, location: 2F 1-2: Ball 2-2: Ball 3-2: Base on Balls Miguel Hernández to second
|
Pitching: RHP Pat Jackson
|
|
Batting: RHB Jeff Bane
|
0-0: Bunted foul 0-1: Reached on error, E2 (Groundball, 2L) Miguel Hernández scores Joe Courtier to third
|
Batting: RHB Doug Delaney
|
0-0: Ball 1-0: Ball 2-0: SINGLE (Groundball, 4MD) Joe Courtier scores Jeff Bane to third
|
Batting: RHB Cristián Román
|
0-0: Called Strike 0-1: SINGLE (Line Drive, 6MD) Jeff Bane scores Doug Delaney to second
|
Batting: RHB Juan López
|
0-0: Fly out, F8 (Flyball, 78M)
|
Batting: SHB Jeremy Holmes
|
0-0: SINGLE (Groundball, 4M) (infield hit) Doug Delaney to third Cristián Román to second
|
Batting: RHB Paul Martin
|
0-0: Ball 1-0: SINGLE (Line Drive, 5D) Doug Delaney scores Cristián Román to third Jeremy Holmes to second
|
Batting: RHB Mario López
|
0-0: Ball 1-0: Fielders Choice at 2nd, 6-4 (Groundball, 6D) Cristián Román scores Jeremy Holmes to third
|
Batting: RHB Miguel Hernández
|
0-0: Called Strike 0-1: Ball 1-1: Ball 2-1: Fly out, F8 (Flyball, 8RS)
|
Bottom of the 8th over - 5 run(s), 5 hit(s), 1 error(s), 2 left on base; Buffalo 3 - Rio Grande 12 |
TOP OF THE 9TH |
Buffalo LightSabres batting - Pitching for Rio Grande Rattlesnake : RHP Nelson Britt
|
Now in LF: Alberto Roberts
|
|
Batting: SHB Jason Mason
|
0-0: SINGLE (Line Drive, 89M)
|
Batting: SHB Barrett Bowden
|
0-0: Ball 1-0: Ground out 5-3 (Groundball, 56S) Jason Mason to second
|
Batting: RHB Mike Wagner
|
0-0: Foul Ball, location: 2F 0-1: SINGLE (Groundball, 34S) (infield hit) Jason Mason to third
|
Batting: RHB Pedro Romero
|
0-0: Ball 1-0: Foul Ball, location: 2F 1-1: Ball Pickoff Throw to First - Out! 2-1: Ball 3-1: Base on Balls
|
Batting: SHB Clifton Hampton
|
0-0: Foul Ball, location: 2F 0-1: Ball 1-1: Foul Ball, location: 2F 1-2: Ball 2-2: Ball 3-2: Strikes out swinging
|
Top of the 9th over - 0 run(s), 2 hit(s), 0 error(s), 2 left on base; Buffalo 3 - Rio Grande 12 |
|